AoeStats
← OK,OK

MegaRandom

509352867Analyzed
2v2 RM · 4d ago on Sep 26, 2026· 60m 45s· 4 players
Game mode
Random Map
Map size
Medium (4 player)
Population
200
Speed
Normal
Resources
Standard
Victory
Conquest
Starting age
Dark Age
Ending age
Imperial Age
RankedLock teamsTeams togetherTeam positionsShared explorationLock speedFull tech treeHidden civsTurbo modeCheats
Victory
Defeat
🇫🇷 Vietnamese · France
915
+13
🇧🇪 Malay · Belgium
883
+14
🇨🇳 Huns · China
852
-38
🇨🇳 Khitans · China
842
-13
420 buddha
9:31 Loom
11:20 Feudal Age
11:24 Gold Mining
11:20 Double-Bit Axe
12:51 Wheelbarrow
16:18 Fletching
18:31 Castle Age
17:59 Fletching
17:33 Pikeman
18:56 Bow Saw
18:46 Stone Mining
19:19 Fishing Lines
20:55 Crossbowman
22:50 Bodkin Arrow
22:58 Padded Archer Armor
24:59 Hand Cart
24:31 Town Watch
27:03 Pikeman
30:16 Leather Archer Armor
30:48 Thumb Ring
33:34 Imperial Age
33:18 Ballistics
34:09 Elite Karambit Warrior
37:04 Chemistry
36:06 Bracer
37:19 Elite Skirmisher
37:54 Arbalester
41:43 Imperial Skirmisher
45:32 Halberdier
49:18 Squires
56:52 Town Patrol
57:25 Conscription
58:08 Caravan
59:26 Forging
Jubi
11:08 Feudal Age
12:14 Double-Bit Axe
12:13 Horse Collar
15:43 Wheelbarrow
15:48 Bloodlines
17:01 Forging
17:29 Gold Mining
17:32 Stone Mining
23:26 Castle Age
23:28 Pikeman
24:08 Squires
25:33 Iron Casting
24:50 Fletching
25:51 Stone Shaft Mining
25:19 Heavy Plow
25:32 Bow Saw
28:40 Scale Mail Armor
30:41 Hand Cart
31:29 Chain Mail Armor
31:20 Scale Barding Armor
32:14 Elite Skirmisher
38:58 Imperial Age
37:15 Bodkin Arrow
37:20 Padded Archer Armor
37:36 Treadmill Crane
38:17 Ballistics
38:39 Thumb Ring
40:28 Crop Rotation
41:00 Two-Man Saw
39:34 Imperial Skirmisher
42:16 Leather Archer Armor
42:02 Bracer
42:34 Plate Mail Armor
42:31 Paper Money
42:49 Murder Holes
43:55 Chemistry
45:05 Ring Archer Armor
47:37 Chatras
47:02 Elite Battle Elephant
48:53 Fortified Wall
50:25 Caravan
51:54 Masonry
51:50 Siege Engineers
52:19 Town Watch
54:24 Town Patrol
55:33 Bloodlines
55:24 Husbandry
54:53 Halberdier
54:56 Man-at-Arms
58:42 Hoardings
57:32 Elite Rattan Archer
59:00 Chain Barding Armor
60:21 Plate Barding Armor
60:28 Loom
OK,OK
2:57 Loom
10:59 Feudal Age
11:39 Double-Bit Axe
12:32 Domestication
16:58 Forging
17:59 Scale Barding Armor
21:12 Castle Age
19:36 Gold Mining
19:29 Fishing Lines
21:15 Light Cavalry
22:35 Iron Casting
25:48 Bow Saw
26:06 Chain Barding Armor
27:25 Wheelbarrow
27:01 Pastoralism
27:38 Fletching
29:49 Heavy Cavalry Archer
34:40 Imperial Age
35:13 Husbandry
36:41 Parthian Tactics
36:42 Ballistics
37:23 Chemistry
39:20 Elite Liao Dao
40:34 Scale Mail Armor
40:33 Bodkin Arrow
40:04 Elite Skirmisher
42:21 Conscription
42:44 Hand Cart
43:50 Transhumance
45:02 Hussar
47:20 Chain Mail Armor
48:04 Lamellar Armor
49:09 Bracer
57:28 Plate Mail Armor
57:03 Padded Archer Armor
58:34 Town Watch
59:05 Fortified Wall
neword7
10:02 Feudal Age
12:46 Horse Collar
12:52 Double-Bit Axe
14:09 Gold Mining
14:46 Town Watch
18:51 Castle Age
18:18 Bloodlines
19:20 Wheelbarrow
19:03 Pikeman
25:10 Husbandry
25:48 Stone Mining
25:49 Gold Mining
25:56 Stone Mining
25:57 Gold Mining
30:15 Hand Cart
30:02 Town Patrol
30:01 Loom
30:53 Ballistics
32:39 Squires
35:35 Imperial Age
34:09 Devotion
34:31 Marauders
37:06 Light Cavalry
37:07 Cavalier
38:03 Forging
37:53 Scale Mail Armor
37:58 Scale Barding Armor
37:44 Fletching
37:54 Padded Archer Armor
39:20 Hussar
41:14 Gold Shaft Mining
41:41 Atheism
42:03 Iron Casting
41:43 Chain Mail Armor
42:16 Murder Holes
43:22 Chemistry
42:10 Capped Ram
43:27 Elite Tarkan
43:40 Sappers
44:32 Conscription
46:10 Blast Furnace
45:26 Chain Mail Armor
45:34 Chain Barding Armor
45:09 Bodkin Arrow
45:30 Leather Archer Armor
51:50 Plate Barding Armor
51:16 Bracer
51:32 Chain Mail Armor
Connection lost

Rejoining the realm…

Still unreachable

The connection could not be restored.

Session expired

The server has moved on; the page needs a fresh start.